 Dungeon Crawl Stone Soup version 0.30-a0-632-g346586fe48 (webtiles) character file.

Game seed: 7374799251988696981

49 wormed the Trooper (level 3, 0/40 HPs)
             Began as an Ogre Berserker on Jan 14, 2023.
             Was a Believer of Trog.
             Slain by Crazy Yiuf
             ... wielding a +2 quarterstaff of chaos
              (10 damage)
             ... on level 2 of the Dungeon.
             The game lasted 00:02:34 (1824 turns).

wormed the Trooper (Ogre Berserker)                 Turns: 1824, Time: 00:02:35

Health: 0/40       AC:  4    Str: 21    XL:     3   Next: 77%
Magic:  3/3        EV: 10    Int:  8    God:    Trog [**....]
Gold:   89         SH:  0    Dex: 10    Spells: 2/2 levels left

rFire   . . .      SeeInvis .    a - +0 mace (protect)
rCold   . . .      Faith    .    (no shield)
rNeg    . . .      Spirit   .    b - +1 animal skin
rPois   .          Reflect  .    (helmet restricted)
rElec   .          Harm     .    (no cloak)
rCorr   .          Rampage  .    (gloves unavailable)
Will    .....                    (boots unavailable)
Stlth   +                        (no amulet)
HPRegen 0.26/turn                (no ring)
MPRegen 0.08/turn                (no ring)

@: lethally poisoned (0 -> -11), slowed, very slow
A: large, unfitting armour, tough skin 1
a: Renounce Religion, Berserk, Trog's Hand


You were on level 2 of the Dungeon.
You worshipped Trog.
Trog was pleased with you.
You visited 1 branch of the dungeon, and saw 2 of its levels.

You collected 89 gold pieces.

Inventory:

Hand Weapons
 a - a +0 mace of protection (weapon)
Missiles
 j - 6 poisoned darts
Armour
 b - a +1 animal skin (worn)
Scrolls
 c - a scroll of fear
 d - 2 scrolls of enchant armour
Potions
 h - a potion of heal wounds
 l - 2 potions of curing
 n - a potion of mutation
 p - a potion of might {unknown}


   Skills:
 + Level 4.6 Fighting
 * Level 3.5 Maces & Flails
 + Level 3.1 Dodging


You had 2 spell levels left.
You didn't know any spells.
Your spell library was empty.

Dungeon Overview and Level Annotations

Branches:
Dungeon (2/15)

Altars:

Annotations:
D:2 Crazy Yiuf


Innate Abilities, Weirdness & Mutations

You are too large for most types of armour.
You have tough skin. (AC +1)


Message History

l - 2 potions of curing
As you read the scroll of identify, it crumbles to dust.
n - a potion of mutation
Okay, then.
You see here a +0 spear.
There is an open door here.
You see here a +0 hammer.
You see here a +0 hammer.
You see here a +0 hammer.
You feel your willpower return.
Crazy Yiuf shouts!
You see here a +0 hammer.
You drop 2 potions of brilliance.
As you open the door, it creaks loudly!
You hit Crazy Yiuf but do no damage.
Your weapon exudes an aura of protection.
Crazy Yiuf drinks a potion.
Crazy Yiuf flickers and vanishes!
Deactivating autopickup; reactivate with Ctrl-A.
Something hits you.
You feel yourself slow down.
You hit something but do no damage. Something hits you!
You are poisoned.
Something hits you! Something freezes you.
You hit something.
You feel very sick. Something hits you but does no damage.
You miss something.
You feel very sick. Something hits you.
* * * LOW HITPOINT WARNING * * *
Something burns you.
* * * LOW HITPOINT WARNING * * *
Something hits you.
* * * LOW HITPOINT WARNING * * *
You are lethally poisoned!
You feel much better.
You feel very sick. Something hits you! Something freezes you.
* * * LOW HITPOINT WARNING * * *
Something hits you!
You die...

.###.# ###.# .....#
#.# .##### #.# .#
#.# )# #.# .# #.#
.# ###### ### #.#
.# ####..'P##
###..)# #.# # .#
#.......P####@{.).#
###.## # .#
#.##...#P)#).##)))#
#....# #
.###.###.'..#)###
### #.#..# # .....#
######## #....# #
####.# #.##.# #
####.####### ####
##....# ##
.....).....# #..#
#.##..####.
#######.#.## #..#
#..........
#..#.######..#
####..####.


There were no monsters in sight!

Vanquished Creatures
  2 dart slugs (D:1)
  3 ball pythons
  3 bats
  6 endoplasms
  2 giant cockroaches
  4 goblins
  3 hobgoblins
  3 jackals (D:1)
  4 quokkas
  2 frilled lizards (D:2)
  3 kobolds
  4 rats
  A bush (D:2)
40 creatures vanquished.

Vanquished Creatures (others)
  A fungus (D:2)
1 creature vanquished.

Grand Total: 41 creatures vanquished

Notes
Turn   | Place    | Note
-------+----------+-------------------------------------------
     0 | D:1      | wormed the Ogre Berserker began the quest for the Orb.
     0 | D:1      | Reached XP level 1. HP: 24/24 MP: 1/1
   122 | D:1      | Reached XP level 2. HP: 32/32 MP: 2/2
   260 | D:1      | Found a faded altar of an unknown god.
   445 | D:1      | Reached XP level 3. HP: 39/40 MP: 3/3
   787 | D:2      | Reached ** piety under Trog
  1765 | D:2      | Found a runed translucent door.
  1766 | D:2      | Noticed Crazy Yiuf
  1824 | D:2      | Slain by Crazy Yiuf

Illustrated notes

Levels and vault maps discovered:
D:1:      scummos_arrival_star, layout_loops_ring,
          ebering_ecumenical_altar_rust, minmay_pentomino_s2
D:2:      layout_loops_ring, bh_walls_and_bars, uniq_crazy_yiuf_cottage

Skill      XL: |  1  2 |
---------------+-------+-----
Maces & Flails | 3 |  3.5
Dodging        | 3 |  3.1
Fighting       | |  4.6

Action                   || total
-------------------------++-------
Melee: Mace              ||   207
       Punch             ||     1
  Use: Scroll            ||    11
       Potion            ||     1
 Stab: Sleeping          ||     2
Armor: Animal skin       ||    31
Dodge: Dodged            ||    69

Table legend: (Time is in decaauts)
 A = Elapsed time spent in this place.
 B = Non-inter-level travel time spent in this place.
 C = Inter-level travel time spent in this place.
 D = Time resting spent in this place.
 E = Time spent auto-exploring this place.
 F = Levels seen in this place.
 G = Mean time per level.
                   A        B        C        D        E       F      G
               +--------+--------+--------+--------+--------+-----+--------+
         Total |   1874 |   1865 |      9 |      0 |   1460 |   2 |  937.0 |
       Dungeon |   1874 |   1865 |      9 |      0 |   1460 |   2 |  937.0 |
               +--------+--------+--------+--------+--------+-----+--------+

Top non-repeatable levels by time:
     D:2: 1141 daAuts
     D:1: 733 daAuts
